 Dungeon Sprint DCSS version 0.30.1-11-g7821555f0a (webtiles) character file.

Game seed: 9714561193532902828

35 Heoruswealwe the Insei (level 3, 0/29 HPs)
             Began as a Gnoll Transmuter on Nov 1, 2023.
             Drowned by a water elemental (5 damage)
             ... in the Dungeon (Sprint III: "The Ten Rune Challenge").
             The game lasted 00:01:29 (208 turns).

Heoruswealwe the Insei (Gnoll Transmuter)            Turns: 208, Time: 00:01:30

Health: 0/29       AC:  2    Str: 11    XL:     3   Next: 33%
Magic:  8/9        EV: 13    Int: 12    God:
Gold:   17         SH:  0    Dex: 12    Spells: 11/12 levels left

rFire   . .          .
                       - Unarmed
rCold   . . .        (no shield)
rNeg    . . .        c - +0 robe
rPois   .            (helmet currently unavailable)
rElec   .            (no cloak)
rCorr   .            (no gloves)
SInv    .            (boots currently unavailable)
Will    .....        (no amulet)
Stlth   ++           (no ring)
HPRegen 0.24/turn    (no ring)
MPRegen 0.11/turn

%: no teleportation
@: appendages, engulfed (cannot breathe)
A: horns 2, talons 2, fangs 1, strong nose, distributed training
a: End Transformation


You were in the Dungeon.
You had temporarily grown beastly horns and talons.
You visited 1 branch You collected 17 gold pieces.

Inventory:

Armour
 c - a +0 robe (worn)
Scrolls
 h - a scroll of blinking
 j - a scroll of torment {unknown}
 k - 3 scrolls of identify
 m - a scroll of immolation {unknown}
Potions
 a - a potion of curing
 b - a potion of lignification
 d - a potion of heal wounds
 e - a potion of haste
 f - 2 potions of magic
 g - a potion of berserk rage
 i - 3 potions of mutation {unknown}
 l - 5 potions of flight


   Skills:
 + Level 3.3 Fighting
 + Level 2.0 Short Blades
 + Level 2.0 Long Blades
 + Level 2.0 Axes
 + Level 2.0 Maces & Flails
 + Level 2.0 Polearms
 + Level 2.0 Staves
 + Level 2.0 Ranged Weapons
 + Level 2.0 Throwing
 + Level 2.0 Armour
 + Level 5.0 Dodging
 + Level 2.0 Stealth
 + Level 2.0 Shields
 + Level 6.8 Unarmed Combat
 + Level 5.4 Spellcasting
 + Level 1.6 Conjurations
 + Level 1.6 Hexes
 + Level 1.6 Summonings
 + Level 1.6 Necromancy
 + Level 1.6 Translocations
 + Level 4.1 Transmutations
 + Level 1.6 Fire Magic
 + Level 1.6 Ice Magic
 + Level 1.6 Air Magic
 + Level 1.6 Earth Magic
 + Level 1.6 Poison Magic
 + Level 2.2 Invocations
 + Level 2.0 Evocations


You had 11 spell levels left.
You knew the following spells:

 Your Spells              Type           Power      Damage    Failure   Level
a - Beastly Appendage     Tmut           26%        N/A       3%          1

Your spell library contained the following spells:

 Spells                   Type           Power      Damage    Failure   Level
 Wereblood                Tmut           13%        N/A       5%          2
 Spider Form              Tmut/Pois      10%        N/A       17%         3
 Ice Form                 Ice/Tmut       10%        N/A       50%         4


Dungeon Overview and Level Annotations

Branches:
Dungeon (1/1)

Altars:


Innate Abilities, Weirdness & Mutations

You have temporarily grown beastly horns and talons.
You have very sharp teeth.
Your uncanny sense of smell can sniff out nearby items.
Your experience applies equally to all skills.


Message History

Your Axes skill increases to level 2!
Your Maces & Flails skill increases to level 2!
Your Polearms skill increases to level 2!
Your Staves skill increases to level 2!
Your Ranged Weapons skill increases to level 2!
Your Throwing skill increases to level 2!
Your Armour skill increases to level 2!
Your Dodging skill increases to level 5!
Your Stealth skill increases to level 2!
Your Shields skill increases to level 2!
Your Invocations skill increases to level 2!
Your Evocations skill increases to level 2!
You have reached level 3!
Your experience leads to an increase in your attributes!
Increase (S)trength, (I)ntelligence, or (D)exterity?
You feel stronger. x2
You start resting.
HP restored.
You see here a human corpse.
You open the door.
A water elemental comes into view.
Casting: Beastly Appendage (safe; 3% risk of failure)
Confirm with . or Enter, or press ? or * to list all spells.
You grow a pair of large bovine horns.
Your feet morph into talons.
You hit the water elemental. Your kick misses the water elemental.
The water elemental is lightly damaged.
The water elemental hits you!
Ouch! That really hurt!
The water elemental engulfs you in water!
You hit the water elemental. Your kick misses the water elemental.
You headbutt the water elemental!
The water elemental is severely damaged.
Your lungs strain for air!
The water elemental hits you.
* * * LOW HITPOINT WARNING * * *
You hit the water elemental.
You claw the water elemental, but do no damage.
You headbutt the water elemental, but do no damage.
The water elemental is severely damaged.
You die...

▓▓▓▓▓▓▓▓▓▓▓▓ ▓▓▓
<.#..'...♣.♣ ♣.#
..#..#....♣♣ ♣♣.#
#'####....♣♣♣ ♣..#∆
.††..#....~.♣♣♣♣.# #+#+#
.....#...~~♣†.♣..#......
....[#†.~~~~....@E.⌠....
####'#..~≈≈~~~.♣.#...###
(...†#.~~≈~~~....# ⌠.#
.....#.~≈~~~.....# .#∆
.....#.~~~.......# #
'#####...........# ∆∆
.................#
▓▓▓▓▓▓▓▓▓▓▓▓▓▓▓▓▓▓


You could see a water elemental.

Vanquished Creatures
  A human (D)
  A wolf (D)
  4 rats (D)
6 creatures vanquished.

Notes
Turn   | Place    | Note
-------+----------+-------------------------------------------
     0 | D        | Heoruswealwe the Gnoll Transmuter began the quest for the
                  | Orb.
     0 | D        | Reached XP level 1. HP: 17/17 MP: 6/6
    27 | D        | Reached skill level 5 in Spellcasting
    38 | D        | Noticed a wolf
    48 | D        | Killed a wolf
    49 | D        | Reached skill level 1 in Short Blades
    49 | D        | Reached skill level 1 in Long Blades
    49 | D        | Reached skill level 1 in Axes
    49 | D        | Reached skill level 1 in Maces & Flails
    49 | D        | Reached skill level 1 in Polearms
    49 | D        | Reached skill level 1 in Staves
    49 | D        | Reached skill level 1 in Ranged Weapons
    49 | D        | Reached skill level 1 in Throwing
    49 | D        | Reached skill level 1 in Armour
    49 | D        | Reached skill level 1 in Stealth
    49 | D        | Reached skill level 1 in Shields
    49 | D        | Reached skill level 1 in Conjurations
    49 | D        | Reached skill level 1 in Hexes
    49 | D        | Reached skill level 1 in Summonings
    49 | D        | Reached skill level 1 in Necromancy
    49 | D        | Reached skill level 1 in Translocations
    49 | D        | Reached skill level 1 in Fire Magic
    49 | D        | Reached skill level 1 in Ice Magic
    49 | D        | Reached skill level 1 in Air Magic
    49 | D        | Reached skill level 1 in Earth Magic
    49 | D        | Reached skill level 1 in Poison Magic
    49 | D        | Reached skill level 1 in Invocations
    49 | D        | Reached skill level 1 in Evocations
    49 | D        | Reached XP level 2. HP: 8/24 MP: 6/8
   134 | D        | Reached skill level 5 in Dodging
   134 | D        | Reached XP level 3. HP: 15/29 MP: 9/9
   203 | D        | Noticed a water elemental
   208 | D        | Drowned by a water elemental

Illustrated notes

Levels and vault maps discovered:
D:        dungeon_sprint_mu [sprint_mu_entry_forest, sprint_mu_temple_rooms,
          sprint_mu_d1_horrors, sprint_mu_d2_genie, sprint_mu_d3_branching,
          sprint_mu_orc_legion, sprint_mu_elf_gauntlet, sprint_mu_hive_nellie,
          sprint_mu_lair_fedhas, sprint_mu_vaults_butterflies,
          sprint_mu_slime_circle, sprint_mu_swamp_cave, sprint_mu_shoals_kraken,
          sprint_mu_blade_basic, sprint_mu_crypt_lich, sprint_mu_tomb_spiral,
          sprint_mu_vestibule_basic, sprint_mu_gehenna_hellfire,
          sprint_mu_dis_giant, sprint_mu_tartarus_statrot,
          sprint_mu_cocytus_islands, sprint_mu_zot1]

Skill      XL: |  1  2 |
---------------+-------+-----
Spellcasting   | 5 |  5.4
Fighting       | 3 |  3.3
Short Blades   | 1 2 |  2.0
Long Blades    | 1 2 |  2.0
Axes           | 1 2 |  2.0
Maces & Flails | 1 2 |  2.0
Polearms       | 1 2 |  2.0
Staves         | 1 2 |  2.0
Ranged Weapons | 1 2 |  2.0
Throwing       | 1 2 |  2.0
Armour         | 1 2 |  2.0
Stealth        | 1 2 |  2.0
Shields        | 1 2 |  2.0
Conjurations   | 1 |  1.6
Hexes          | 1 |  1.6
Summonings     | 1 |  1.6
Necromancy     | 1 |  1.6
Translocations | 1 |  1.6
Transmutations | 4 |  4.1
Fire Magic     | 1 |  1.6
Ice Magic      | 1 |  1.6
Air Magic      | 1 |  1.6
Earth Magic    | 1 |  1.6
Poison Magic   | 1 |  1.6
Invocations    | 1 2 |  2.2
Evocations     | 1 2 |  2.0
Dodging        | 5 |  5.0
Unarmed Combat | |  6.8

Action                     || total
---------------------------++-------
  Melee: Unarmed           ||    35
         Kick              ||     7
         Bite              ||     1
         Headbutt          ||     2
   Cast: Beastly Appendage ||     3
   Stab: Sleeping          ||     1
 Armour: Robe              ||     2
  Dodge: Dodged            ||    17
